 Dungeon Crawl Stone Soup version 0.22-a0-433-gd2a9cce0b5 (webtiles) character file.

193 Arsonius the Changer (level 5, -3/38 HPs)
             Began as a Merfolk Transmuter on May 26, 2018.
             Slain by an orc wizard
             ... wielding a +1 dagger of speed
              (4 damage)
             ... on level 3 of the Dungeon on May 28, 2018.
             The game lasted 00:18:13 (2624 turns).

Arsonius the Changer (Merfolk Transmuter)           Turns: 2624, Time: 00:18:14

Health: -3/38      AC:  4    Str: 15    XL:     5   Next: 72%
Magic:  7/9        EV: 13    Int: 13    God:
Gold:   107        SH:  0    Dex: 15    Spells: 3/9 levels left

rFire    . . .     SeeInvis .     - Unarmed
rCold    . . .     Gourm    .   (no shield)
rNeg     . . .     Faith    .   b - +0 robe
rPois    .         Spirit   .   (no helmet)
rElec    .         Reflect  .   (no cloak)
rCorr    .         Harm     .   h - +0 pair of gloves
MR       .....                  p - +0 pair of boots
Stlth    +.........             (no amulet)
HPRegen  0.12/turn              (no ring)
MPRegen  0.11/turn              (no ring)

@: mighty, flying
A: change form in water, swift swim, stealthy swim
a: no special abilities


You were on level 3 of the Dungeon.
You were very hungry.

You visited 1 branch of the dungeon, and saw 3 of its levels.

You collected 107 gold pieces.

Inventory:

Hand Weapons
 x - a +0 hunting sling
Missiles
 a - 32 arrows
 l - 26 poisoned needles
 m - 62 stones (quivered)
 q - 27 bolts
Armour
 b - a +0 robe (worn)
 h - a +0 pair of gloves (worn)
 p - a +0 pair of boots (worn)
 t - a +0 helmet
 y - a cursed +0 ring mail
Jewellery
 g - an uncursed ring of magical power {unknown}
Wands
 z - a wand of polymorph (16)
Scrolls
 c - 2 scrolls of random uselessness {unknown}
 f - 2 scrolls of remove curse {unknown}
 n - 3 scrolls of identify {unknown}
 o - 3 scrolls of teleportation {unknown}
 r - a scroll of magic mapping {unknown}
 s - a scroll of enchant armour {unknown}
 u - a scroll of enchant weapon {unknown}
 w - a scroll of immolation {unknown}
 B - a scroll of fear {unknown}
Potions
 e - 5 potions of flight
 i - a potion of might
 j - a potion of degeneration {unknown}
 k - a potion of agility {unknown}
 v - a potion of haste {unknown}
 A - a potion of magic {unknown}
 C - a potion of lignification {unknown}
Comestibles
 d - 4 rations


   Skills:
 - Level 2.0 Fighting
 - Level 3.0 Dodging
 + Level 4.3 Unarmed Combat
 + Level 2.7 Spellcasting
 * Level 5.3 Transmutations
 - Level 1.0 Poison Magic


You had 3 spell levels left.
You knew the following spells:

 Your Spells              Type           Power        Failure   Level  Hunger
a - Beastly Appendage     Tmut           ###...       2%          1    #......
b - Sticks to Snakes      Tmut           ###.....     4%          2    ###....
c - Spider Form           Tmut/Pois      ##........   19%         3    ###....

Your spell library contained the following spells:

 Spells                   Type           Power        Failure   Level  Hunger
 Blade Hands              Tmut           ###.......   58%         5    ######.
 Ice Form                 Ice/Tmut       #.......     61%         4    #####..


Dungeon Overview and Level Annotations

Branches:
Dungeon (3/15)

Altars:
Okawaru
Qazlal
Wu Jian


Message History

Your +0 pair of gloves unmelds from your body.
Your +0 pair of boots unmelds from your body.
Your +0 robe unmelds from your body.
Something hits you.
* * * LOW HITPOINT WARNING * * *
You miss something.
You hear some strange, mumbled words.
A puff of flame appears from out of thin air!
The puff of flame misses you.
You bump into the rock wall.
Something hits you but does no damage.
You miss something. You punch something. Something hits you.
* * * LOW HITPOINT WARNING * * *
It was a potion of flight.
You feel very buoyant.
You fly up into the air.
You feel less confused. Something hits you but does no damage.
It was a potion of might.
You feel very mighty all of a sudden. Something hits you.
You die...

#.## #..... ##### ## ...
.....# ##...######.
#.##..#.#.# #.....#.....
#.........# #.........##
#...# #........... #...#
#####...##...## #...#
####.........##... #.).#
#..........#.##.##
#####...###@##.##....#.#....
.......%..{))#.##.##........
....................##......
#.........$...##.#.#.####....
####.#...#.#.###.#.#.# #....
#.#...#.#.......#.# #####
#.#...#.#####.#.#.# ###
#.#...#.# ##.#.#.# #..
......#.# #......#


There were no monsters in sight!

Vanquished Creatures
  An orc priest (D:3)
  Ijyb (D:3)
  Robin (D:3)
  5 adders
  2 worms (D:2)
  A dart slug (D:1)
  3 leopard geckos
  3 orcs (D:3)
  12 goblins
  11 hobgoblins
  4 jackals (D:1)
  7 kobolds
  3 quokkas
  7 bats
  A frilled lizard (D:2)
  2 rats (D:1)
64 creatures vanquished.

Notes
Turn   | Place    | Note
-------+----------+-------------------------------------------
     0 | D:1      | Arsonius the Merfolk Transmuter began the quest for the Orb.
     0 | D:1      | Reached XP level 1. HP: 15/15 MP: 3/3
   100 | D:1      | Reached skill level 3 in Transmutations
   107 | D:1      | Reached XP level 2. HP: 21/21 MP: 3/5
   111 | D:1      | Learned a level 2 spell: Sticks to Snakes
   631 | D:1      | Reached XP level 3. HP: 27/27 MP: 6/6
   636 | D:1      | Learned a level 3 spell: Spider Form
   870 | D:2      | Found an iron altar of Okawaru.
  1405 | D:2      | Reached skill level 4 in Transmutations
  1405 | D:2      | Reached XP level 4. HP: 33/33 MP: 1/7
  1471 | D:2      | Found a stormy altar of Qazlal.
  1648 | D:2      | Found an ornate altar of the Wu Jian Council.
  2131 | D:3      | Noticed Robin
  2213 | D:3      | Reached skill level 1 in Poison Magic
  2220 | D:3      | Killed Robin
  2290 | D:3      | Reached XP level 5. HP: 28/38 MP: 6/8
  2457 | D:3      | Noticed Ijyb
  2473 | D:3      | Killed Ijyb
  2473 | D:3      | Reached skill level 5 in Transmutations
  2622 | D:3      | HP: 1/38 [something (5)]
  2624 | D:3      | Slain by an orc wizard

Vault maps used:
D:1:      minmay_arrival_split_and_join, minmay_misc_feat_alley
D:2:      nicolae_overflow_crystal_walls, grunt_qazlal_clouds,
          okawaru_metal_pillars_3, first_ration, minmay_misc_feat_more_columns
D:3:      led_sif_pool, uniq_natasha, uniq_ijyb, uniq_robin

Skill      XL: |  1  2  3  4  5 |
---------------+----------------+-----
Transmutations | 3 4 5 |  5.3
Dodging        | 3 |  3.0
Fighting       | 2 |  2.0
Unarmed Combat | 4 |  4.3
Poison Magic   | 1 |  1.0
Spellcasting   | |  2.7

Action                   |  1- 3 |  4- 6 || total
-------------------------+-------+-------++-------
Melee: Unarmed           |   141 |   118 ||   259
       Headbutt          |     8 |     7 ||    15
       Punch             |       |     1 ||     1
Throw: Stone             |     2 |       ||     2
 Cast: Beastly Appendage |    13 |     8 ||    21
       Spider Form       |     1 |     7 ||     8
  Use: Potion            |       |     2 ||     2
 Stab: Sleeping          |     1 |       ||     1
  Eat: Chunk             |     2 |     5 ||     7
Armor: Robe              |    28 |    12 ||    40
       Skin              |       |     3 ||     3
Dodge: Dodged            |    95 |    82 ||   177

Table legend:
 A = Spawn XP
 B = Non-spawn XP
 C = Spawn XP percentage of total XP
 D = Spawn monster count
 E = Non-spawn monster count
 F = Spawn count percentage of total count
 G = Total turns spent on level
                    A         B        C        D         E        F      G
               +---------+---------+-------+---------+---------+-------+---------
         Total |       0 |     276 |   0.0 |       0 |      64 |   0.0 |  2624
               +---------+---------+-------+---------+---------+-------+---------
           D:1 |       0 |      37 |   0.0 |       0 |      19 |   0.0 |   794
           D:2 |       0 |      89 |   0.0 |       0 |      18 |   0.0 |  1330
           D:3 |       0 |     150 |   0.0 |       0 |      27 |   0.0 |   500
               +---------+---------+-------+---------+---------+-------+---------
